 Dungeon Crawl Stone Soup version 0.30-a0-953-g5f1da4a474 (webtiles) character file.

Game seed: 12998200892865211050

413 fozzywoppz the Trooper (level 6, -21/48 HPs)
             Began as a Demonspawn Fighter on Mar 28, 2023.
             Was an Initiate of Okawaru.
             Demolished by an ogre
             ... wielding a +0 giant club
              (28 damage)
             ... on level 5 of the Dungeon.
             The game lasted 00:07:23 (3565 turns).

fozzywoppz the Trooper (Demonspawn Fighter)         Turns: 3565, Time: 00:07:24

Health: -21/48     AC: 15    Str: 19    XL:     6   Next: 59%
Magic:  21/21      EV:  9    Int:  9    God:    Okawaru [......]
Gold:   192        SH:  5    Dex: 14    Spells: 5/5 levels left

rFire   . . .      SeeInvis .    a - +1 flail (protect)
rCold   . . .      Faith    +    c - +0 buckler
rNeg    . . .      Spirit   .    b - +0 scale mail
rPois   .          Reflect  .    (no helmet)
rElec   .          Rampage  .    (no cloak)
rCorr   +                        m - +0 pair of gloves
Will    .....                    (no boots)
Stlth   +                        u
                                   - Hermit's Pendant {Faith Invo=14 Evo=0 MP+5}
HPRegen 0.28/turn                t - ring of resist corrosion
MPRegen 0.17/turn                (no ring)

@: under a protective aura
A: thin skeletal structure 1, (demonic guardian 1), powered by death 2
a: Renounce Religion


You were on level 5 of the Dungeon.
You worshipped Okawaru.
Okawaru was noncommittal.
You visited 1 branch of the dungeon, and saw 5 of its levels.

You collected 192 gold pieces.

Inventory:

Hand Weapons
 a - a +1 flail of protection (weapon)
 w - a +0 dire flail
Missiles
 s - 3 javelins (quivered)
Armour
 b - a +0 scale mail (worn)
 c - a +0 buckler (worn)
 m - a +0 pair of gloves (worn)
Jewellery
 t - a ring of resist corrosion (left hand)
 u - the Hermit's Pendant (around neck) {Faith Invo=14 Evo=0 MP+5}
   (You found it on level 4 of the Dungeon)

   [amulet of faith]

   Invo=14: It sets your Invocations skill to 14.
   Evo=0: It sets your Evocations skill to 0.
   It allows you to gain divine favour quickly.
   MP:        It affects your magic capacity (+5).
Scrolls
 h - 5 scrolls of teleportation
 r - a scroll of amnesia {unknown}
 x - a scroll of immolation
 A - a scroll of enchant armour {unknown}
Potions
 d - a potion of might
 e - a potion of magic
 k - a potion of flight
 n - a potion of curing
 o - a potion of invisibility
 p - 2 potions of brilliance
 q - a potion of degeneration
 v - a potion of ambrosia
 z - a potion of lignification


   Skills:
 + Level 4.3 Fighting
 + Level 3.9 Maces & Flails
 + Level 3.9 Armour
 - Level 0.7 Dodging
 + Level 4.0 Shields


You had 5 spell levels left.
You didn't know any spells.
Your spell library contained the following spells:

 Spells                   Type           Power      Damage    Failure   Level
 Blink                    Tloc           0%         N/A       93%         2
 Lesser Beckoning         Tloc           0%         N/A       93%         2
 Momentum Strike          Conj/Tloc      0%         3d8       93%         2
 Ozocubu's Armour         Ice            0%         N/A       99%         3
 Metabolic Englaciation   Hex/Ice        0%         N/A       100%        5
 Simulacrum               Ice/Necr       Unusable   N/A       N/A         6

Dungeon Overview and Level Annotations

Branches:
Dungeon (5/15)
 Temple: D:4-7

Altars:
Gozag
Kikubaaqudgha
Nemelex Xobeh
Okawaru
Trog
Wu Jian
Yredelemnul


Innate Abilities, Weirdness & Mutations

You have a somewhat thin skeletal structure. (Dex +2, Stealth+)
((A weak demonic guardian rushes to your aid.))
You regenerate health from kills.


Message History

An adder comes into view.
Found a stone staircase leading down.
The adder barely misses you.
You closely miss the adder. The adder bites you but does no damage.
You closely miss the adder. The adder barely misses you.
The adder bites you but does no damage.
You sock the adder!
Your weapon exudes an aura of protection.
You kill the adder!
Okawaru accepts your kill.
No target in view!
No target in view!
Your hearing returns.
You see here an adder corpse.
Found a stone.
No target in view!
There is a stone staircase leading down here.
You see here a stone.
An ogre comes into view. It is wielding a +0 giant club.
The ogre shouts!
The ogre hits you with a +0 giant club!
You barely miss the ogre. The ogre barely misses you.
You hit the ogre but do no damage.
Your weapon exudes an aura of protection.
The ogre hits you with a +0 giant club!
You barely miss the ogre. The ogre hits you with a +0 giant club.
You sock the ogre!
The ogre is moderately wounded.
You barely miss the ogre.
The ogre is moderately wounded.
The ogre hits you with a +0 giant club!
You hit the ogre.
The ogre is heavily wounded.
The ogre hits you with a +0 giant club!
* * * LOW HITPOINT WARNING * * *
You hit the ogre.
The ogre is severely wounded.
The ogre hits you with a +0 giant club!!
Ouch! That really hurt!
You die...

,,,,,,,** #####
##>.......,
,,,,,,,,**
####......#..,
,,,,,,,,,*
###...(........,
,,,,,,,,,*
###............#.,
,,,,,,,,,*
##................,
,,,,,,,,,*
###.................,
,,,,,,,,,*
#...................,
,,,,,,,,,*
#...................,
,,,,,,,,,*
#...@..........##..,,
**********
#...O........#.#*..,,
#..........###..**,,,
#.......#### *,,**,,,
** #...#####
**,,,,,,, ,*** ####*
****,,,,,*** ,,,****
***,,,,,,,,,,,
,,,,,,****
***,,,,,,,,,,,,,
,,,,,,,,,****
***,,,,,,,,,,,,,,,


You could see an ogre.

Vanquished Creatures
  Blork the orc (D:4)
  2 hounds (D:4)
  Jessica (D:3)
  An iguana (D:4)
  A sleepcap (D:4)
  4 adders
  A worm (D:3)
  A dart slug (D:4)
  17 orcs
  8 ball pythons
  5 bats
  12 endoplasms
  3 giant cockroaches
  6 goblins
  8 hobgoblins
  A jackal (D:4)
  6 kobolds
  4 quokkas
  3 frilled lizards
  6 rats
91 creatures vanquished.

Vanquished Creatures (collateral kills)
  An orc wizard (D:3)
  3 adders
  An orc (D:3)
  An endoplasm (D:3)
6 creatures vanquished.

Grand Total: 97 creatures vanquished

Notes
Turn   | Place    | Note
-------+----------+-------------------------------------------
     0 | D:1      | fozzywoppz the Demonspawn Fighter began the quest for the
                  | Orb.
     0 | D:1      | Reached XP level 1. HP: 18/18 MP: 1/1
    93 | D:1      | Gained mutation: A weak demonic guardian rushes to your
                  | aid. [demonic ancestry]
    93 | D:1      | Reached XP level 2. HP: 17/24 MP: 2/2
   543 | D:1      | Gained mutation: You regenerate a little health from kills.
                  | [demonic ancestry]
   543 | D:1      | Reached XP level 3. HP: 29/29 MP: 3/3
  1361 | D:3      | Noticed Jessica
  1377 | D:3      | Reached XP level 4. HP: 23/34 MP: 4/4
  1379 | D:3      | Killed Jessica
  1676 | D:3      | HP: 1/35 [orc wizard/magic dart (7)]
  1762 | D:3      | Found a faded altar of an unknown god.
  1841 | D:3      | Gained mutation: You regenerate health from kills. [demonic
                  | ancestry]
  1841 | D:3      | Reached XP level 5. HP: 34/41 MP: 5/5
  2329 | D:4      | Noticed Blork the orc
  2330 | D:4      | Found the Hermit's Pendant {Faith Invo=14 Evo=0 MP+5}
  2342 | D:4      | Killed Blork the orc
  2503 | D:4      | Found a sparkling altar of Nemelex Xobeh.
  2517 | D:4      | Found an ancient bone altar of Kikubaaqudgha.
  2709 | D:4      | Gained mutation: You have a somewhat thin skeletal
                  | structure. (Dex +2, Stealth+) [demonic ancestry]
  2709 | D:4      | Reached XP level 6. HP: 33/48 MP: 16/16
  3229 | D:4      | Found an opulent altar of Gozag.
  3230 | D:4      | Found a bloodstained altar of Trog.
  3230 | D:4      | Found an iron altar of Okawaru.
  3230 | D:4      | Found a basalt altar of Yredelemnul.
  3230 | D:4      | Found an ornate altar of the Wu Jian Council.
  3238 | D:4      | Became a worshipper of Warmaster Okawaru
  3491 | D:5      | Entered Level 5 of the Dungeon
  3565 | D:5      | Demolished by an ogre

Illustrated notes

Levels and vault maps discovered:
D:1:      scummos_arrival_hexagon, layout_loops_ring
D:2:      layout_loops_ring
D:3:      layout_basic, chequers_ecumenical_altar_island, uniq_jessica
D:4:      kennysheep_six_static_rooms, layout_basic, minitemple,
          nicolae_overflow_squiral, grunt_decor_fettered, minivault_23,
          minivault_26, hangedman_glass_teeth, uniq_blork_the_orc
D:5:      layout_cave_pods

Skill      XL: |  1  2  3  4  5  6 |
---------------+-------------------+-----
Armour         | 3 |  3.9
Shields        | 3 4 |  4.0
Maces & Flails | 2 3 |  3.9
Fighting       | 4 |  4.3
Dodging        | |  0.7

Action                     |  1- 3 |  4- 6 || total
---------------------------+-------+-------++-------
  Melee: Flail             |   141 |   204 ||   345
    Use: Potion            |       |     1 ||     1
         Scroll            |       |    14 ||    14
 Armour: Scale mail        |    85 |    93 ||   178
  Dodge: Dodged            |    62 |   113 ||   175
  Block: Buckler           |    35 |    58 ||    93

Table legend: (Time is in decaauts)
 A = Elapsed time spent in this place.
 B = Non-inter-level travel time spent in this place.
 C = Inter-level travel time spent in this place.
 D = Time resting spent in this place.
 E = Time spent auto-exploring this place.
 F = Levels seen in this place.
 G = Mean time per level.
                   A        B        C        D        E       F      G
               +--------+--------+--------+--------+--------+-----+--------+
         Total |   3664 |   3573 |     91 |     65 |   2537 |   5 |  732.8 |
       Dungeon |   3664 |   3573 |     91 |     65 |   2537 |   5 |  732.8 |
               +--------+--------+--------+--------+--------+-----+--------+

Top non-repeatable levels by time:
     D:4: 1279 daAuts
     D:3: 998 daAuts
     D:1: 723 daAuts
     D:2: 585 daAuts
     D:5: 77 daAuts
